 Dungeon Crawl Stone Soup version 0.27-a0-1502-g47ed6a6988 (webtiles) character file.

Game seed: 14587704312168949186

30 trckry the Firebug (level 3, 0/19 HPs)
             Began as a Deep Elf Fire Elementalist on July 9, 2021.
             Succumbed to an adder's poison
             ... on level 2 of the Dungeon.
             The game lasted 00:04:02 (1541 turns).

trckry the Firebug (Deep Elf Fire Elementalist)     Turns: 1541, Time: 00:04:03

Health: 0/19       AC:  2    Str:  6    XL:     3   Next: 3%
Magic:  6/9        EV: 12    Int: 19    God:
Gold:   190        SH:  0    Dex: 15    Spells: 4/8 levels left

rFire    . . .     SeeInvis .   (no weapon)
rCold    . . .     Faith    .   (no shield)
rNeg     . . .     Spirit   .   a - +0 robe
rPois    .         Reflect  .   (no helmet)
rElec    .         Harm     .   (no cloak)
rCorr    .         Rampage  .   (no gloves)
Will     .....                  (no boots)
Stlth    ++........             (no amulet)
HPRegen  0.06/turn              (no ring)
MPRegen  0.11/turn              (no ring)

@: brilliant, lethally poisoned (0 -> -12)
A: claws 1
a: no special abilities


You were on level 2 of the Dungeon.
You visited 1 branch of the dungeon, and saw 2 of its levels.

You collected 190 gold pieces.

Inventory:

Armour
 a - a +0 robe (worn)
Scrolls
 b - a scroll of identify {unknown}
 c - a scroll of fog {unknown}
 f - a scroll of amnesia {unknown}


   Skills:
 - Level 2.4 Dodging
 - Level 2.4 Stealth
 + Level 3.4 Spellcasting
 * Level 2.2 Conjurations
 * Level 3.8 Fire Magic
 + Level 0.1 Earth Magic


You had 4 spell levels left.
You knew the following spells:

 Your Spells              Type           Power      Damage    Failure   Level
a - Foxfire               Conj/Fire      88%        2x1d8     4%          1
b - Stone Arrow           Conj/Erth      22%        3d8       26%         3

Your spell library contained the following spells:

 Spells                   Type           Power      Damage    Failure   Level
 Conjure Flame            Conj/Fire      22%        6-21      12%         3
 Inner Flame              Hex/Fire       15%        N/A       21%         3
 Sticky Flame             Conj/Fire      22%        2d4       38%         4
 Fireball                 Conj/Fire      11%        3d7       75%         5
 Bolt of Magma            Conj/Fire/Erth 8%         4d6       86%         5
 Shatter                  Erth           2%         3d6*      100%        9


Dungeon Overview and Level Annotations

Branches:
Dungeon (2/15)

Altars:

Shops:
D:1 (?(*


Innate Abilities, Weirdness & Mutations

You have sharp fingernails.


Message History

You now have 7/9 mp.
Casting: Foxfire (safe; 4% risk of failure)
Confirm with . or Enter, or press ? or * to list all spells.
You conjure some foxfire!
The foxfire hits the hobgoblin but does no damage.
The hobgoblin is severely wounded.
You now have 6/9 mp.
Casting: Foxfire (safe; 4% risk of failure)
Confirm with . or Enter, or press ? or * to list all spells.
There is not enough space to conjure foxfire!
Casting: Foxfire (safe; 4% risk of failure)
Confirm with . or Enter, or press ? or * to list all spells.
There is not enough space to conjure foxfire!
Your foxfire dissipates!
The foxfire hits the hobgoblin.
You kill the hobgoblin!
The adder bites you.
You are poisoned.
The adder poisons you!
You take 3 damage, and have 16/19 hp.
Casting: Foxfire (safe; 4% risk of failure)
Confirm with . or Enter, or press ? or * to list all spells.
You conjure some foxfire!
You feel sick. The adder bites you.
You are lethally poisoned!
The adder poisons you!
You take 5 damage, and have 11/19 hp.
MASSIVE DAMAGE!!
You now have 5/9 mp.
Your foxfire dissipates!
You feel sick.
You take 2 damage, and have 9/19 hp.
Unknown command.
It was a potion of mutation.
You feel extremely strange.
Your fingernails lengthen.
You feel stronger.
You feel weaker.
You feel sick. The adder bites you.
* * * LOW HITPOINT WARNING * * *
You are more poisoned.
The adder poisons you! The adder closely misses you.
You take 6 damage, and have 3/19 hp.
MASSIVE DAMAGE!!
It was a potion of brilliance.
You feel clever all of a sudden.
You die...

#.##.###.# #.# #
#.##.###.# #.# #.
#........###.###
#..
####.#####.....)
..# #.# #.#.###
... #.# #.#....
###.# #.# #.####.
$.#....########.#
#># #.
[!.....grS@.....#
#.####.
.###...##########
#...... #...#
######. #.## #.
.. #. ## #. #. ##


You could see an adder, a goblin and a rat.

Vanquished Creatures
  4 ball pythons (D:1)
  An endoplasm (D:1)
  2 giant cockroaches
  A goblin (D:2)
  3 hobgoblins
  2 jackals (D:1)
  6 kobolds
  2 quokkas (D:1)
  A bat (D:1)
  2 frilled lizards
  A rat (D:1)
25 creatures vanquished.

Vanquished Creatures (others)
  108 foxfires
108 creatures vanquished.

Grand Total: 133 creatures vanquished

Notes
Turn   | Place    | Note
-------+----------+-------------------------------------------
     0 | D:1      | trckry the Deep Elf Fire Elementalist began the quest for
                  | the Orb.
     0 | D:1      | Reached XP level 1. HP: 10/10 MP: 6/6
    84 | D:1      | Found Vigosiva's Weapon Shoppe.
   168 | D:1      | Found Boseaqud's Antique Weapon Emporium.
   354 | D:1      | Reached XP level 2. HP: 15/15 MP: 1/8
   689 | D:1      | Found Xuhuuf's Assorted Antiques.
  1068 | D:1      | Found Mytoqei's Magic Scroll Shoppe.
  1196 | D:2      | Found a faded altar of an unknown god.
  1331 | D:2      | Reached XP level 3. HP: 19/19 MP: 4/9
  1335 | D:2      | Learned a level 3 spell: Stone Arrow
  1540 | D:2      | Gained mutation: You have sharp fingernails. [potion of
                  | mutation]
  1540 | D:2      | Gained mutation: Your muscles are strong. (Str +2) [potion
                  | of mutation]
  1540 | D:2      | Lost mutation: Your muscles are strong. (Str +2) [potion of
                  | mutation]
  1541 | D:2      | Succumbed to an adder's poison

Illustrated notes

Levels and vault maps discovered:
D:1:      dpeg_arrival_rhombus, layout_loops_cross, serial_shops, shop_coins,
          shop, nicolae_lakefront_shop, shop
D:2:      layout_loops_corners, hellmonk_ecumenical_altar_arch_garden,
          minmay_pentomino_t4

Skill      XL: |  1  2 |
---------------+-------+-----
Conjurations   | 2 |  2.2
Dodging        | |  2.4
Stealth        | |  2.4
Spellcasting   | |  3.4
Fire Magic     | |  3.8
Earth Magic    | |  0.1

Action                   || total
-------------------------++-------
 Cast: Foxfire           ||    74
  Use: Potion            ||     2
Armor: Robe              ||     2
Dodge: Dodged            ||     5

Table legend: (Time is in decaauts)
 A = Elapsed time spent in this place.
 B = Non-inter-level travel time spent in this place.
 C = Inter-level travel time spent in this place.
 D = Time resting spent in this place.
 E = Time spent auto-exploring this place.
 F = Levels seen in this place.
 G = Mean time per level.
                   A        B        C        D        E       F      G
               +--------+--------+--------+--------+--------+-----+--------+
         Total |   1540 |   1528 |     12 |      0 |   1388 |   2 |  770.0 |
       Dungeon |   1540 |   1528 |     12 |      0 |   1388 |   2 |  770.0 |
               +--------+--------+--------+--------+--------+-----+--------+

Top non-repeatable levels by time:
     D:1: 1157 daAuts
     D:2: 383 daAuts
